 Dungeon Crawl Stone Soup version 0.30.1-4-g462c640d31 (webtiles) character file.

Game seed: 5032136242542190518

79136 wingedge the Arsonist (level 14, -31/121 HPs)
             Began as a Demigod Conjurer on Aug 24, 2023.
             Hit by a large rock thrown by a stone giant (39 damage)
             ... on level 15 of the Dungeon.
             The game lasted 01:42:37 (33387 turns).

wingedge the Arsonist (Demigod Conjurer)           Turns: 33387, Time: 01:42:37

Health: -31/121    AC: 16    Str: 16    XL:     14   Next: 79%
Magic:  6/29       EV: 11    Int: 49    God:
Gold:   406        SH: 13    Dex:  6    Spells: 0/28 levels left

rFire   + + .        b - +9 falchion (freeze)
rCold   . . .        W - +5 kite shield of the Prince of Darkness {Slay+2}
rNeg    . . .        X - +1 robe of Hymeneth {Str+5 Int+4 Dex-3}
rPois   .            A - +0 helmet of Avant Garde Awe {*Corrode rF++ Int+2 Dex-3}
rElec   .            G - +0 cloak
rCorr   .            F - +0 pair of gloves
SInv    .            y - +0 pair of boots
Will    ++...        g - amulet "Cuiram" {RegenMP Will+ Str+3 Int+7}
Stlth   +            k - +4 ring of protection
HPRegen 0.40/turn    K - +4 ring of protection
MPRegen 0.61/turn

%: corrode self (3%)
@: no status effects
A: high MP 1, forlorn, divine attributes
a: no special abilities


You were on level 15 of the Dungeon.
You visited 3 branches of the dungeon, and saw 22 of its levels.

You collected 2201 gold pieces.
You spent 1795 gold pieces at shops.

Inventory:

Hand Weapons
 b - a +9 falchion of freezing (weapon)
Missiles
 R - 5 curare-tipped darts
Armour
 n - a +2 robe of willpower
 y - a +0 pair of boots (worn)
 A - the +0 helmet of Avant Garde Awe (worn) {*Corrode rF++ Int+2 Dex-3}
   (You found it on level 4 of the Lair of Beasts)

   Int:       It affects your intelligence (+2).
   Dex:       It affects your dexterity (-3).
   rF:        It greatly protects you from fire.
   *Corrode:  It may corrode you when you take damage.
 F - a +0 pair of gloves (worn)
 G - a +0 cloak (worn)
 W - the +5 kite shield of the Prince of Darkness (worn) {Slay+2}
   (You bought it in a shop on level 2 of the Orcish Mines)

   Slay:      It affects your accuracy & damage with ranged weapons and melee
   (+2).
 X - the +1 robe of Hymeneth (worn) {Str+5 Int+4 Dex-3}
   (You bought it in a shop on level 2 of the Orcish Mines)

   Str:       It affects your strength (+5).
   Int:       It affects your intelligence (+4).
   Dex:       It affects your dexterity (-3).
Magical Staves
 a - a staff of air
 c - a staff of conjuration
Jewellery
 g - the amulet "Cuiram" (around neck) {RegenMP Will+ Str+3 Int+7}
   (You bought it in a shop on level 2 of the Orcish Mines)

   [amulet of magic regeneration]

   It increases your rate of magic regeneration.
   Str:       It affects your strength (+3).
   Int:       It affects your intelligence (+7).
   Will:      It increases your willpower.
 k - a +4 ring of protection (left hand)
 z - the ring of Descent {rElec rPois}
   (You bought it in a shop on level 2 of the Orcish Mines)

   [ring of poison resistance]

   rElec:     It insulates you from electricity.
   rPois:     It protects you from poison.
 K - a +4 ring of protection (right hand)
 O - a +6 ring of strength
 V - a ring of fire
Wands
 h - a wand of digging (4)
 r - a wand of roots (21)
 u - a wand of acid (8)
 B - a wand of charming (20)
 I - a wand of polymorph (15)
 N - a wand of flame (65)
 U - a wand of mindburst (7)
Scrolls
 e - a scroll of magic mapping
 j - 3 scrolls of poison
 q - 6 scrolls of enchant armour
 s - 4 scrolls of immolation
 t - a scroll of acquirement {unknown}
 x - 2 scrolls of teleportation
 C - 2 scrolls of fear {unknown}
 H - 3 scrolls of summoning {unknown}
 P - 2 scrolls of enchant weapon
 S - 3 scrolls of noise {unknown}
Potions
 i - 2 potions of brilliance
 l - 4 potions of heal wounds
 m - 3 potions of attraction {unknown}
 o - 13 potions of curing
 p - a potion of cancellation
 v - 2 potions of ambrosia {unknown}
 w - 3 potions of mutation {unknown}
 D - 3 potions of haste
 J - 4 potions of flight {unknown}
 L - 4 potions of might {unknown}
 M - 5 potions of invisibility {unknown}
Miscellaneous
 f - a phantom mirror
 E - a box of beasts


   Skills:
 + Level 10.0 Fighting
 + Level 5.3 Armour
 + Level 5.3 Dodging
 - Level 2.0 Stealth
 + Level 5.1 Shields
 + Level 7.5 Spellcasting
 + Level 9.7 Conjurations
 - Level 6.0 Hexes
 + Level 12.0 Fire Magic
 * Level 1.9 Ice Magic
 + Level 12.0 Air Magic


You couldn't memorise any spells.
You knew the following spells:

 Your Spells              Type           Power      Damage    Failure   Level
a - Fireball              Conj/Fire      45%        3d18      1%          5
c - Fulminant Prism       Conj/Hex       38%        3d17      1%          4
d - Starburst             Conj/Fire      45%        6d13      6%          6
e - Airstrike             Air            47%        2d(7-23)  1%          4
f - Plasma Beam           Fire/Air       47%        2x1d67    3%          6
g - Ozocubu's Armour      Ice            37%        N/A       4%          3

Your spell library contained the following spells:

 Spells                   Type           Power      Damage    Failure   Level
 Foxfire                  Conj/Fire      100%       2x1d9     1%          1
 Freeze                   Ice            100%       1d10      1%          1
 Magic Dart               Conj           100%       1d8       1%          1
 Searing Ray              Conj           100%       2d8       1%          2
 Static Discharge         Conj/Air       100%       2-7/arc   1%          2
 Dazzling Flash           Conj/Hex       100%       N/A       1%          3
 Hailstorm                Conj/Ice       66%        3d14      1%          3
 Mephitic Cloud           Conj/Pois/Air  74%        N/A       1%          3
 Stone Arrow              Conj/Erth      100%       3d13      1%          3
 Summon Lightning Spire   Summ/Air       67%        N/A       2%          4
 Apportation              Tloc           36%        N/A       3%          1
 Necrotise                Necr           72%        1d7       3%          1
 Sandblast                Erth           36%        2d10      3%          1
 Summon Small Mammal      Summ           72%        N/A       3%          1
 Portal Projectile        Hex/Tloc       94%        N/A       3%          3
 Call Imp                 Summ           36%        N/A       4%          2
 Passwall                 Tmut/Erth      15%        N/A       4%          2
 Frozen Ramparts          Ice            74%        1d12      4%          3
 Iskenderun's Mystic Bla  Conj/Tloc      60%        2d13      4%          4
 Call Canine Familiar     Summ           18%        N/A       10%         3
 Vampiric Draining        Necr           18%        2d7       10%         3
 Leda's Liquefaction      Hex/Erth       23%        N/A       10%         4
 Metabolic Englaciation   Hex/Ice        27%        N/A       19%         5
 Agony                    Necr           18%        N/A       67%         5
 Simulacrum               Ice/Necr       13%        N/A       98%         6


Dungeon Overview and Level Annotations

Branches:
Dungeon (15/15)            Temple (0/1) D:6            Lair (5/5) D:10
 Shoals (0/4) Lair:3       Spider (0/4) Lair:2        Slime (0/5) Lair:4
    Orc (2/2) D:10            Elf (0/3) Orc:2        Vaults (0/5) D:13
 Depths: D:15

Shops:
Orc:2 =!(!=[!?*

Annotations:
Orc:2 1 runed translucent door, hilljack's ghost, journeyman TrTm


Innate Abilities, Weirdness & Mutations

You have an increased reservoir of magic. (+10% MP)
You shall have no god before yourself.
Your divine heritage dramatically boosts your attributes as you level up.


Message History

You block the deep troll's attack. x2; You block the stone giant's attack.
You hit the stone giant but do no damage.
The stone giant is almost dead.
You block the stone giant's attack. You block the deep troll's attack.
The deep troll barely misses you.
The deep troll claws you but does no damage.
You hit the stone giant but do no damage.
The stone giant is almost dead.
The stone giant closely misses you. The deep troll barely misses you.
You block the deep troll's attack. The deep troll misses you.
You hit the stone giant. You freeze the stone giant.
The stone giant is almost dead.
The stone giant completely misses you.
The deep troll bites you but does no damage.
The deep troll claws you! The deep troll barely misses you.
The deep troll closely misses you. The deep troll barely misses you.
You block the deep troll's attack. The stone giant hits you!
Casting: Plasma Beam (dangerous; 3% risk of failure)
Confirm with . or Enter, or press ? or * to list all spells.
Casting: Plasma Beam (dangerous; 3% risk of failure)
Press: ? - help, Dir - look around, f - activate The bolt of lightning hits the deep troll!
The deep troll is moderately wounded.
The fiery plasma hits the deep troll!!!
You kill the deep troll!
The troll leather armour is intact enough to wear.
A yaktaur comes into view.
The stone giant hits you!!!
* * * LOW HITPOINT WARNING * * *
Blink to where?
Press: ? - help, Dir - move target
As you read the scroll of blinking, it crumbles to dust.
Casting: Plasma Beam (dangerous; 3% risk of failure)
Confirm with . or Enter, or press ? or * to list all spells.
Aiming: Airstrike (safe; 1% risk of failure)
Press: ? - help, Dir - move target, f - stone giant
Aim: a stone giant, quivering large rocks (translocational energy, almost dead, empty space bonus: 3/8)
The air twists around and strikes the stone giant but does no damage.
The stone giant throws a large rock.
The large rock hits you!!!
You die...

#...#..
####...#.#################
.......#..[.C............#
...........#####C#########
....)..[...# #.#
....c.<....# #.#
....)......# #.#
...........# #.#
...........# #@#
...........#####.#######
........................
#.############.#########
#. #.# #.# #.# #.# #.#


You could see a stone giant.

Vanquished Creatures
  Jorgrun (Orc:1)
  Donald (Orc:2)
  Nessos (Lair:4)
  The ghost of Naostoov the Imperceptible, a journeyman SpEn of Gozag (D:13)
  4 hydras
  Erolcha (D:12)
  4 centaur warriors (D:13)
  6 two-headed ogres
  2 boulder beetles
  3 death yaks
  A tengu warrior (D:14)
  Sonja (D:10)
  Urug (D:10)
  11 skeletal warriors
  A fire crab (Lair:5)
  2 deep trolls (D:15)
  A wizard (D:13)
  A necromancer (D:15)
  2 orc knights (Orc:2)
  A wolf spider (Lair:5)
  3 manticores
  7 ugly things
  Joseph (D:10)
  A guardian serpent (Lair:5)
  18 cane toads
  4 black mambas
  A gargoyle (D:11)
  A molten gargoyle (Lair:2)
  A torpor snail (Lair:4)
  2 efreet
  A rime drake (Lair:4)
  An unseen horror (D:11)
  A kobold demonologist (D:10)
  3 komodo dragons
  A yaktaur (D:15)
  A tengu conjurer (D:15)
  12 polar bears
  Grinder (D:3)
  6 trolls
  A wind drake (Lair:3)
  14 blink frogs
  2 hornets (Lair:5)
  3 raiju (Lair:5)
  5 dream sheep
  3 spriggans (Lair:3)
  2 shadows
  9 slime creatures
  Sigmund (D:3)
  11 wyverns
  44 yaks
  3 basilisks
  2 steam dragons
  5 vampire mosquitoes
  4 redbacks
  4 wargs (Lair:5)
  14 hell hounds (Lair:5)
  29 water moccasins
  An acid dragon (D:10)
  Duvessa (D:6)
  38 orc warriors
  2 ice beasts
  A sky beast (D:8)
  16 black bears
  5 ogres
  14 centaurs
  23 wolves
  4 kobold brigands
  11 bullfrogs
  A gnoll sergeant (D:11)
  5 scorpions
  9 wights (D:7)
  Dowan (D:6)
  5 howler monkeys
  The ghost of Xrynn the Sneak, a weakling SpEn (D:3)
  A hound (D:6)
  14 orc priests
  2 jellies
  3 iguanas
  Terence (D:3)
  3 sleepcaps
  Jessica (D:3)
  22 orc wizards
  Robin (D:4)
  6 gnolls
  4 adders
  A shadow imp (D:6)
  A white imp (D:6)
  2 ufetubi
  5 worms
  4 dart slugs
  88 orcs
  6 ball pythons
  An endoplasm (D:1)
  3 giant cockroaches (Lair:2)
  10 goblins
  9 hobgoblins
  7 jackals
  4 quokkas
  11 bats
  6 frilled lizards
  22 kobolds
  4 rats
  A fulminant prism (Lair:5)
649 creatures vanquished.

Vanquished Creatures (others)
  An orc wizard (D:8)
  92 fulminant prisms
93 creatures vanquished.

Grand Total: 742 creatures vanquished

Notes
Turn   | Place    | Note
-------+----------+-------------------------------------------
     0 | D:1      | wingedge the Demigod Conjurer began the quest for the Orb.
     0 | D:1      | Reached XP level 1. HP: 14/14 MP: 5/5
     3 | D:1      | Noticed an electric eel
     3 | D:1      | Noticed an electric eel
   313 | D:1      | Reached XP level 2. HP: 22/22 MP: 2/7
   332 | D:1      | Reached skill level 1 in Fighting
  1231 | D:2      | Reached XP level 3. HP: 29/29 MP: 0/8
  1439 | D:2      | Learned a level 2 spell: Searing Ray
  1882 | D:3      | Noticed Sigmund
  1888 | D:3      | Killed Sigmund
  1889 | D:3      | Reached skill level 5 in Conjurations
  1889 | D:3      | Reached skill level 1 in Hexes
  1889 | D:3      | Reached XP level 4. HP: 25/36 MP: 0/10
  1889 | D:3      | Reached XP level 5. HP: 29/41 MP: 0/11
  2014 | D:3      | Noticed Terence
  2023 | D:3      | Killed Terence
  2148 | D:3      | Noticed Grinder
  2166 | D:3      | Killed Grinder
  2167 | D:3      | Reached XP level 6. HP: 11/50 MP: 7/13
  2309 | D:3      | Learned a level 4 spell: Fulminant Prism
  2456 | D:3      | Noticed Jessica
  2460 | D:3      | Killed Jessica
  2707 | D:3      | Found a runed translucent gate.
  2708 | D:3      | Found a runed translucent gate.
  2708 | D:3      | Found a runed translucent gate.
  2711 | D:3      | Noticed Xrynn's ghost (weakling SpEn)
  2719 | D:3      | Killed Xrynn's ghost
  3296 | D:4      | Noticed Robin
  3299 | D:4      | Reached skill level 1 in Armour
  3301 | D:4      | Killed Robin
  3302 | D:4      | Reached XP level 7. HP: 54/56 MP: 5/14
  3739 | D:5      | Entered Level 5 of the Dungeon
  3830 | D:5      | Reached skill level 1 in Fire Magic
  3923 | D:5      | Reached skill level 1 in Shields
  5206 | D:5      | Reached XP level 8. HP: 66/66 MP: 6/17
  5467 | D:6      | Found a staircase to the Ecumenical Temple.
  5695 | D:6      | Noticed Dowan
  5698 | D:6      | Noticed Duvessa
  5708 | D:6      | Killed Duvessa
  5714 | D:6      | Killed Dowan
  6709 | D:7      | Reached XP level 9. HP: 70/71 MP: 9/19
  6801 | D:7      | Reached skill level 5 in Hexes
  8186 | D:8      | Learned a level 5 spell: Fireball
  8402 | D:8      | Reached skill level 5 in Spellcasting
  8418 | D:8      | Reached skill level 1 in Air Magic
  9095 | D:9      | Reached XP level 10. HP: 74/80 MP: 9/21
  9608 | D:9      | Reached skill level 5 in Fighting
  9617 | D:9      | Reached skill level 5 in Fire Magic
  9929 | D:10     | Entered Level 10 of the Dungeon
  9931 | D:10     | Noticed Joseph
  9940 | D:10     | Killed Joseph
 10190 | D:10     | Noticed Urug
 10211 | D:10     | Killed Urug
 10822 | D:10     | Noticed Sonja
 10832 | D:10     | Killed Sonja
 11156 | D:10     | Reached XP level 11. HP: 89/89 MP: 16/24
 11454 | D:10     | Found a staircase to the Lair.
 11699 | D:10     | Found a staircase to the Orcish Mines.
 12111 | Lair:1   | Entered Level 1 of the Lair of Beasts
 12120 | Lair:1   | Noticed a death yak
 12434 | Lair:1   | Noticed a death yak
 12435 | Lair:1   | Noticed a death yak
 12835 | Lair:1   | Killed a death yak
 12836 | Lair:1   | Reached skill level 5 in Air Magic
 12844 | D:10     | Killed a death yak
 13163 | D:10     | Learned a level 4 spell: Airstrike
 13581 | D:10     | Killed a death yak
 14235 | Lair:1   | Learned a level 6 spell: Plasma Beam
 14956 | Lair:2   | Noticed a boulder beetle
 14972 | Lair:2   | Killed a boulder beetle
 15119 | Lair:2   | Noticed an eight-headed hydra
 15127 | Lair:2   | Killed an eight-headed hydra
 15128 | Lair:2   | Reached skill level 10 in Fire Magic
 15128 | Lair:2   | Reached XP level 12. HP: 100/100 MP: 4/25
 15653 | Lair:2   | Found a hole to the Spider Nest.
 16230 | Lair:3   | Found a staircase to the Shoals.
 17224 | Lair:4   | Found a staircase to the Slime Pits.
 17358 | Lair:4   | Noticed a six-headed hydra
 17361 | Lair:4   | Killed a six-headed hydra
 17902 | Lair:4   | Reached skill level 10 in Air Magic
 18080 | Lair:4   | Identified the +0 helmet of Avant Garde Awe {*Corrode rF++
                  | Int+2 Dex-3}
 18393 | Lair:5   | Entered Level 5 of the Lair of Beasts
 18793 | Lair:5   | Noticed Nessos
 18880 | Lair:4   | Killed Nessos
 19885 | Lair:5   | Reached XP level 13. HP: 101/107 MP: 7/26
 25073 | Orc:1    | Entered Level 1 of the Orcish Mines
 25676 | Orc:1    | Noticed Jorgrun
 25678 | Orc:1    | Killed Jorgrun
 25687 | Orc:1    | Learned a level 6 spell: Starburst
 25977 | Orc:2    | Entered Level 2 of the Orcish Mines
 26240 | Orc:2    | Found Ruil's Weapon Shoppe.
 26646 | Orc:2    | Found a staircase to the Elven Halls.
 26649 | Orc:2    | Found Losizod's Jewellery Boutique.
 26671 | Orc:2    | Bought the amulet "Cuiram" {RegenMP Will+ Str+3 Int+7} for
                  | 763 gold pieces
 26671 | Orc:2    | Bought the ring of Descent {rElec rPois} for 408 gold
                  | pieces
 26707 | Orc:2    | Noticed Donald
 26709 | Orc:2    | Killed Donald
 27358 | Orc:2    | Found Icutydae's Distillery.
 27358 | Orc:2    | Found Vassaod's Magic Scroll Shoppe.
 27360 | Orc:2    | Found Xaevut's General Store.
 27362 | Orc:2    | Found Decezxuk's Antique Armour Boutique.
 27806 | Orc:2    | Found Ryissul's Distillery.
 27864 | Orc:2    | Bought a potion of degeneration for 15 gold pieces
 27883 | Orc:2    | Found a runed translucent door.
 27884 | Orc:2    | Noticed hilljack's ghost (journeyman TrTm)
 28198 | Orc:2    | Found Zek Xai's Distillery.
 28206 | Orc:2    | Bought a potion of haste for 100 gold pieces
 28206 | Orc:2    | Bought a potion of heal wounds for 50 gold pieces
 28206 | Orc:2    | Bought a potion of cancellation for 80 gold pieces
 28219 | Orc:2    | Reached XP level 14. HP: 118/118 MP: 21/28
 28271 | Orc:2    | Found Atunewny's Jewellery Shoppe.
 29504 | D:11     | Reached skill level 5 in Shields
 29790 | D:12     | Noticed Erolcha
 29791 | D:12     | Killed Erolcha
 31039 | D:13     | Found a gate to the Vaults.
 31168 | D:13     | HP: 3/119 [centaur warrior (4)]
 31705 | D:13     | Noticed Naostoov's ghost (journeyman SpEn)
 31794 | D:13     | Found a runed translucent door.
 31990 | D:13     | Reached skill level 5 in Armour
 32174 | D:13     | Killed Naostoov's ghost
 32175 | D:13     | Reached skill level 5 in Dodging
 32283 | D:14     | Learned a level 3 spell: Ozocubu's Armour
 32488 | D:14     | Reached skill level 1 in Ice Magic
 32894 | Orc:2    | Bought an encrusted kite shield for 237 gold pieces
 32894 | Orc:2    | Identified the +5 kite shield of the Prince of Darkness
                  | {Slay+2} (You bought it in a shop on level 2 of the Orcish
                  | Mines)
 32894 | Orc:2    | Bought a wizard robe for 142 gold pieces
 32894 | Orc:2    | Identified the +1 robe of Hymeneth {Str+5 Int+4 Dex-3} (You
                  | bought it in a shop on level 2 of the Orcish Mines)
 33319 | D:15     | Entered Level 15 of the Dungeon
 33331 | D:14     | Learned a level 5 spell: Fireball
 33367 | D:15     | Reached skill level 10 in Fighting
 33380 | D:15     | HP: 6/121 [stone giant (36)]
 33387 | D:15     | Hit by a large rock thrown by a stone giant

Illustrated notes

Levels and vault maps discovered:
D:1:      arrival_aquarium_b, layout_basic
D:2:      layout_basic, basic_altar, chequers_mini_garden
D:3:      layout_basic, ebering_ghost_rock_garden, minmay_misc_feat_columns,
          uniq_grinder, uniq_jessica, uniq_sigmund, uniq_terence
D:4:      layout_rooms, uniq_robin
D:5:      layout_basic, grunt_ministairs_3, chequers_serial_rivers_small_a
D:6:      nicolae_cairo_tiling_large_dashed, layout_gridville,
          minmay_temple_entry_junction_2, uniq_duvessa
D:7:      layout_loops_ring
D:8:      lemuel_ice_spiral_2, layout_basic,
          gammafunk_temple_overflow_forgotten, amcnicky_mini_pool_small
D:9:      layout_rooms
D:10:     layout_small_grid, due_lair_maze_entry_diamond,
          minmay_orc_entry_temple_small, kennysheep_generic_room_13, uniq_sonja,
          uniq_joseph, uniq_urug
D:11:     layout_stronghold
D:12:     layout_cave_pods, uniq_psyche, uniq_erolcha
D:13:     layout_cave_pods, david_vaults_1, hellmonk_ghost_happy_afterlife,
          fungi_pond_lemuel
D:14:     layout_roguey, eino_curves_02, drop_trap
D:15:     hangedman_depths_entry_civil_slaughter, layout_small_grid,
          minivault_25, uniq_roxanne
Lair:1:   layout_misc_corridors, basic_altar, grunt_megastairs_4
Lair:2:   layout_gridlike, nicolae_spider_entry_non_spiders, grunt_megastairs_3
Lair:3:   layout_long_grid, minmay_shoals_entry_beasts, serial_bayou_pond_b,
          wad_woods_02, lemuel_fruit_fields
Lair:4:   layout_hall_layers, dpeg_slime_entry_enclosed
Lair:5:   hangedman_lair_tendril_chambers, layout_regular_city,
          hangedman_lair_caniforms_friends, lemuel_fruit_fields, uniq_nessos
Orc:1:    layout_diamond_mine, nicolae_orc_lava_room, uniq_jorgrun
Orc:2:    st_orc_rangers, layout_caves, serial_shops, shop,
          nicolae_lakefront_shop, shop, shop, nicolae_shop_industrial_runoff,
          ebering_ghost_xom, mines_bat_river, uniq_donald

Skill      XL: |  1  2  3  4  5  6  7  8  9 10 11 12 13 14 |
---------------+-------------------------------------------+-----
Spellcasting   | 2 3 4 5 6 7 |  7.5
Fighting       | 1 2 3 4 6 7 8 9 10 | 10.0
Conjurations   | 4 5 6 7 8 9 |  9.7
Dodging        | 2 3 5 |  5.3
Stealth        | 2 |  2.0
Hexes          | 1 2 3 4 6 |  6.0
Armour         | 1 2 3 5 |  5.3
Fire Magic     | 1 3 4 7 10 12 | 12.0
Shields        | 1 2 3 4 5 |  5.1
Air Magic      | 1 3 7 10 12 | 12.0
Ice Magic      | 1 |  1.9

Action                     |  1- 3 |  4- 6 |  7- 9 | 10-12 | 13-15 || total
---------------------------+-------+-------+-------+-------+-------++-------
  Melee: Mace              |       |     6 |    16 |    43 |       ||    65
         Falchion          |       |       |    18 |    39 |   103 ||   160
         Staff             |       |       |       |     1 |       ||     1
   Cast: Magic Dart        |    74 |    34 |    14 |     8 |       ||   130
         Searing Ray       |     2 |    19 |    77 |    41 |     1 ||   140
         Fulminant Prism   |       |       |    20 |    69 |     5 ||    94
         Fireball          |       |       |       |    32 |     3 ||    35
         Airstrike         |       |       |       |    57 |   165 ||   222
         Plasma Beam       |       |       |       |    50 |   200 ||   250
         Starburst         |       |       |       |       |     6 ||     6
         Ozocubu's Armour  |       |       |       |       |     1 ||     1
  Evoke: Wand              |       |       |     2 |       |       ||     2
    Use: Potion            |       |     1 |       |     5 |     3 ||     9
         Scroll            |       |       |     4 |     6 |    13 ||    23
 Armour: Leather armour    |       |    12 |    15 |       |       ||    27
         Robe              |       |     1 |       |   120 |    86 ||   207
         Steam dragon scal |       |       |    30 |     7 |       ||    37
         Scale mail        |       |       |     1 |       |       ||     1
         Skin              |       |       |       |       |   139 ||   139
  Dodge: Dodged            |     8 |    19 |    60 |   134 |   166 ||   387
  Block: Buckler           |       |       |    19 |    54 |    83 ||   156
         Kite shield       |       |       |       |       |    11 ||    11
